 Dungeon Crawl Stone Soup version 0.22.1-1-ga44c0e56f4 (webtiles) character file.

91 Ihlosi the Skirmisher (level 4, -20/50 HPs)
             Began as an Ogre Fighter on Nov 1, 2018.
             Demolished by a cyan very ugly thing (23 damage)
             ... on level 1 of the Abyss.
             The game lasted 00:05:29 (1697 turns).

Ihlosi the Skirmisher (Ogre Fighter)                Turns: 1697, Time: 00:05:29

Health: -20/50     AC:  3    Str: 20    XL:     4   Next: 57%
Magic:  4/4        EV:  9    Int:  9    God:
Gold:   61         SH:  8    Dex:  9    Spells: 3/3 levels left

rFire    . . .     SeeInvis .   h - +1 dagger (venom)
rCold    . . .     Gourm    .   c - +0 shield
rNeg     . . .     Faith    .   b - +0 robe
rPois    .         Spirit   .   (helmet restricted)
rElec    .         Reflect  .   (no cloak)
rCorr    .         Harm     .   (gloves unavailable)
MR       .....                  (boots unavailable)
Stlth    +.........             (no amulet)
HPRegen  0.16/turn              (no ring)
MPRegen  0.09/turn              (no ring)

@: liquid flames, glowing
A: large, unfitting armour, tough skin 1
a: no special abilities


You were on level 1 of the Abyss.
You were hungry.

You visited 1 branch of the dungeon, and saw 2 of its levels.
You visited the Abyss 1 time.

You collected 61 gold pieces.

Inventory:

Hand Weapons
 a - a +0 flail
 h - a +1 dagger of venom (weapon)
Armour
 b - a +0 robe (worn)
 c - a +0 shield (worn)
Jewellery
 r - the ring "Ostruv" {Fire rPois Int+3, unknown}
   (You found it on level 1 of the Abyss)

   [ring of fire]

   It enhances your fire magic.
   It affects your intelligence (+3).
   It protects you from fire.
   It makes you vulnerable to cold.
   It protects you from poison.
Scrolls
 i - 2 scrolls of fog
 l - 2 scrolls of identify {unknown}
 n - 2 scrolls of enchant weapon {unknown}
 o - 3 scrolls of remove curse {unknown}
 p - 2 scrolls of random uselessness {unknown}
Potions
 d - a potion of might
 e - a potion of haste {unknown}
 g - a potion of degeneration {unknown}
 j - 2 potions of brilliance {unknown}
 k - a potion of lignification {unknown}
 m - a potion of curing {unknown}
 q - a potion of invisibility {unknown}
Comestibles
 f - a ration


   Skills:
 + Level 5.1 Fighting
 + Level 2.3 Maces & Flails
 + Level 3.5 Dodging
 - Level 3.0 Shields


You had 3 spell levels left.
You didn't know any spells.
Your spell library was empty.

Dungeon Overview and Level Annotations

Branches:
Dungeon (2/15)

Altars:


Innate Abilities, Weirdness & Mutations

You are too large for most types of armour.
You have tough skin. (AC +1)


Message History

r - a clouded turquoise ring
As you read the scroll labeled LOROSUHYNN, it crumbles to dust.
The scroll dissolves into smoke.
It was a scroll of fog.
You block the chaos spawn's attack.
A smoke demon comes into view.
Found an opulent altar of Gozag.
A cyan very ugly thing comes into view.
The cyan very ugly thing gurgles horribly!
The smoke demon roars!
You block the insubstantial wisp's attack.
The smoke demon gestures at you. The sticky flame hits you!
You are covered in liquid flames!
* * * LOW HITPOINT WARNING * * *
You are covered in liquid flames!
* * * LOW HITPOINT WARNING * * *
The cyan very ugly thing trunk-slaps you.
* * * LOW HITPOINT WARNING * * *
The cyan very ugly thing shocks you!!
You die...

..................
.................. ..
#......##......# .
.##......##......##
......................
...................... #
.............u3.......
.. ............v@.......
#.............4.........
#.......................
....##......##._....##
#. ...##......##......#
...§§§§§...............
#...§ §§§...............
. ..§§§§§...............
#...§§§§§..........


You could see a cyan very ugly thing, a smoke demon, a chaos spawn and an
insubstantial wisp.

Vanquished Creatures
  2 gnolls (D:2)
  2 adders (D:2)
  2 worms
  2 dart slugs (D:1)
  2 leopard geckos (D:1)
  3 bats
  A giant cockroach (D:1)
  10 hobgoblins
  2 jackals (D:2)
  3 frilled lizards
  5 goblins
  3 kobolds
  3 rats
40 creatures vanquished.

Notes
Turn   | Place    | Note
-------+----------+-------------------------------------------
     0 | D:1      | Ihlosi the Ogre Fighter began the quest for the Orb.
     0 | D:1      | Reached XP level 1. HP: 24/24 MP: 1/1
   376 | D:1      | Reached XP level 2. HP: 28/32 MP: 2/2
   676 | D:1      | Reached XP level 3. HP: 39/40 MP: 3/3
  1217 | D:2      | Reached XP level 4. HP: 17/49 MP: 4/4
  1585 | D:2      | Reached skill level 5 in Fighting
  1641 | D:2      | Cast into level 1 of the Abyss (gnoll)
  1645 | Abyss:1  | Noticed a chaos spawn
  1669 | Abyss:1  | Noticed an insubstantial wisp
  1675 | Abyss:1  | Noticed a small abomination
  1675 | Abyss:1  | Noticed a tentacled monstrosity
  1675 | Abyss:1  | Noticed an insubstantial wisp
  1682 | Abyss:1  | Noticed a chaos spawn
  1685 | Abyss:1  | Got a clouded turquoise ring
  1692 | Abyss:1  | Found an opulent altar of Gozag.
  1692 | Abyss:1  | Noticed a smoke demon
  1693 | Abyss:1  | Noticed a cyan very ugly thing
  1697 | Abyss:1  | Demolished by a cyan very ugly thing

Skill      XL: |  1  2  3  4 |
---------------+-------------+-----
Shields        | 3 |  3.0
Dodging        | 3 |  3.5
Maces & Flails | 2 |  2.3
Fighting       | 5 |  5.1

Action                   |  1- 3 |  4- 6 || total
-------------------------+-------+-------++-------
Melee: Flail             |    10 |       ||    10
       Dagger            |    75 |    41 ||   116
  Use: Scroll            |       |     1 ||     1
  Eat: Chunk             |     1 |     1 ||     2
Armor: Robe              |    10 |     4 ||    14
Dodge: Dodged            |    23 |    28 ||    51
Block: Shield            |    23 |    23 ||    46
